 Dungeon Sprint DCSS version 0.24.0-13-gcf9b3192b9 (webtiles) character file.

Game seed: 9320769128645612274, levelgen mode: deterministic

7056 Arum the Peltast (level 11, -25/89 HPs)
             Began as a Formicid Fighter on Nov 6, 2019.
             Was the Champion of the Shining One.
             Killed from afar by a purple draconian knight (54 damage)
             ... with a bolt of cold
             ... in the Dungeon (Sprint V: "Ziggurat Sprint").
             The game lasted 00:06:51 (1002 turns).

Arum the Peltast (Formicid Fighter)                 Turns: 1002, Time: 00:06:51

Health: -25/89     AC: 33    Str: 32    XL:     11   Next: 30%
Magic:  16/18      EV:  3    Int:  9    God:    the Shining One [******]
Gold:   0          SH: 43    Dex: 16    Spells: 10/10 levels left

rFire    . . .     SeeInvis +   h - +7 Screaming Sword {slice, sonic wave}
rCold    . . .     Gourm    .   c - +18 shield of the Gong {rElec rN+ MR+ EV-5}
rNeg     + + +     Faith    .   b - +15 Maxwell's patent armour {-Cast -Tele rElec MR+ rCorr}
rPois    .         Spirit   .   (helmet unavailable)
rElec    +         Reflect  .   (no cloak)
rCorr    +         Harm     .   L - +0 pair of gloves {Dex+3}
MR       +++..     NoCast   +   (no boots)
Stlth    ..........             (no amulet)
HPRegen  0.00/turn              s - +6 ring of strength
MPRegen  0.16/turn              t - +6 ring of strength

@: divine shield, glowing
A: permanent stasis, dig shafts and tunnels, four strong arms, antennae 3, frail
1, inhibited regeneration
a: Dig, Divine Shield, Cleansing Flame, Summon Divine Warrior, Renounce Religion


You were in the Dungeon.
You worshipped the Shining One.
The Shining One was exalted by your worship.
You were not hungry.

You visited 1 branch

Inventory:

Hand Weapons
 h - the +7 Screaming Sword (weapon) {slice, sonic wave}
   (You found it in the Dungeon)

   It inflicts extra damage upon your enemies.
 j - the +2 sword of Power
   (You found it in the Dungeon)
 k - a +7 eudemon blade of holy wrath
 m - a +5 triple sword
Missiles
 J - 2 throwing nets (quivered)
Armour
 a - +5 gold dragon scales
 b - the +15 Maxwell's patent armour (worn) {-Cast -Tele rElec MR+ rCorr}
   (You found it in the Dungeon)

   It insulates you from electricity.
   It affects your resistance to hostile enchantments.
   It prevents spellcasting.
   It prevents most forms of teleportation.
   It provides partial protection from all sources of acid and corrosion.
 c - the +18 shield of the Gong (worn) {rElec rN+ MR+ EV-5}
   (You found it in the Dungeon)

   It affects your evasion (-5).
   It insulates you from electricity.
   It protects you from negative energy.
   It affects your resistance to hostile enchantments.
 L - a +0 pair of gloves of dexterity (worn)
 M - the +10 large shield of Ignorance {rN+ Int-4}
   (You found it in the Dungeon)

   It affects your intelligence (-4).
   It protects you from negative energy.
Jewellery
 n - an uncursed ring of flight
 o - a +6 ring of dexterity
 p - a +6 ring of dexterity
 q - a +6 ring of intelligence
 r - a +6 ring of intelligence
 s - a +6 ring of strength (left hand)
 t - a +6 ring of strength (right hand)
 K - the ring of Tibrejoaf {rN+ Dex+3 Stlth+}
   (You found it in the Dungeon)

   [ring of positive energy]

   It affects your dexterity (+3).
   It protects you from negative energy.
   It makes you more stealthy.
Wands
 v - a wand of disintegration (7)
 w - a wand of iceblast (7)
 x - a wand of acid (7)
Scrolls
 y - 4 scrolls of amnesia
 E - 7 scrolls of fog
 F - a scroll of holy word
 G - 5 scrolls of identify
 H - 5 scrolls of remove curse
 I - 2 scrolls of fear
Potions
 d - 6 potions of might
 e - 10 potions of curing
 g - 7 potions of heal wounds
 i - 7 potions of magic
 z - 2 potions of brilliance
 A - 2 potions of invisibility
 B - 4 potions of resistance
 D - 6 potions of agility
Miscellaneous
 u - a lightning rod (4/4)
 C - a sack of spiders
 N - a lamp of fire
Comestibles
 f - 7 rations
 l - a chunk of flesh


   Skills:
 + Level 13.7 Fighting
 + Level 11.9 Long Blades
 + Level 14.1 Armour
 - Level 15.0 Shields
 - Level 10.1 Invocations


You had 10 spell levels left.
You didn't know any spells.
Your spell library contained the following spells:

 Spells                   Type           Power        Failure   Level  Hunger
 Corona                   Hex            #......      91%         1    ##.....
 Flame Tongue             Conj/Fire      #....        91%         1    ##.....
 Sublimation of Blood     Necr           #.........   97%         2    ###....
 Throw Flame              Conj/Fire      #.....       97%         2    ###....
 Conjure Flame            Conj/Fire      #.......     99%         3    ####...
 Gell's Gravitas          Tloc           #.........   99%         3    ####...
 Ignite Poison            Fire/Tmut/Pois #.......     99%         3    ####...
 Inner Flame              Hex/Fire       #.......     99%         3    ####...
 Portal Projectile        Hex/Tloc       #.....       99%         3    ####...
 Force Lance              Conj/Tloc      #.......     100%        4    #####..
 Fulminant Prism          Conj/Hex       #.........   100%        4    #####..
 Petrify                  Tmut/Erth      #.......     100%        4    #####..
 Sticky Flame             Conj/Fire      #.......     100%        4    #####..
 Alistair's Intoxication  Tmut/Pois      #.......     100%        5    ######.
 Borgnjor's Vile Clutch   Necr/Erth      #.........   100%        5    ######.
 Dispel Undead            Necr           #.......     100%        5    ######.
 Excruciating Wounds      Chrm/Necr      #.........   100%        5    ######.
 Fireball                 Conj/Fire      #.........   100%        5    ######.
 Irradiate                Conj/Tmut      #.........   100%        5    ######.
 Dispersal                Tloc           #.........   100%        6    #######
 Haunt                    Necr/Summ      #.........   100%        7    #######
 Borgnjor's Revivificati  Necr           #.........   100%        8    #######
 Death's Door             Chrm/Necr      #.........   100%        8    #######
 Disjunction              Tloc           #.........   100%        8    #######
 Infestation              Necr           #.........   100%        8    #######
 Necromutation            Tmut/Necr      #.........   100%        8    #######
 Controlled Blink         Tloc           Unusable     N/A         8    N/A

Dungeon Overview and Level Annotations

Branches:
Dungeon (1/1)

Altars:
Ashenzari
Cheibriados
Dithmenos
Elyvilon
Fedhas
Gozag
Hepliaklqana
Kikubaaqudgha
Makhleb
Nemelex Xobeh
Okawaru
Qazlal
Ru
Sif Muna
Trog
Uskayaw
Vehumet
Wu Jian
Xom
Yredelemnul
Zin
The Shining One
Beogh
Jiyva
Lugonu


Innate Abilities, Weirdness & Mutations

You cannot be hasted, slowed, berserked, paralysed or teleported.
You can dig through walls and to a lower floor.
Your four strong arms can wield two-handed weapons with a shield.
You have a pair of large antennae on your head. (SInv)
You are frail. (-10% HP)
You do not regenerate when monsters are visible.


Message History

You block the green draconian's attack.
GONNNNG!
You block the green draconian's attack.
GONNNNG!
You feel much better.
The purple draconian hits you from afar with a +0 halberd!
* * * LOW HITPOINT WARNING * * *
You block the green draconian annihilator's attack.
GONNNNG!
The green draconian annihilator tail-slaps you.
* * * LOW HITPOINT WARNING * * *
You block the green draconian's attack.
BOUMMMMG!
You block the green draconian's attack.
SHROANNG!
You feel much better.
The purple draconian knight gestures at you while chanting.
The bolt of cold hits you!!!
Ouch! That really hurt!
You die...

▓...8©8. {{
▓..::.}[..▓....|.)
{{{
▓.."})::..▓.....).
▓.........▓.......
▓.........▓.......
▓.........▓.......
▓ddd......▓.......
▓dqd......▓.▓....|
▓@qd......▓....©.)
▓d.d.©....▓▓▓▓▓▓▓▓
▓▓▓▓▓▓▓▓▓▓▓


{{{{{{{{ {{{{{{{ {{{{ {{{{{{{{{{{{{{{{ {{{{ {{{{{{{{{{{{{{{{ {{ {{{{{ You could
see a purple draconian knight (invisible), 2 draconians, a green draconian, 2
draconians, a red draconian, 2 draconians and a green draconian annihilator.

Vanquished Creatures
  A dancing weapon (D)
  A deep elf archer (D)
  A shining eye (D)
  4 deep elf magi (D)
  An eye of devastation (D)
  4 merfolk (D)
  3 slime creatures (D)
  2 fire elementals (D)
  2 yaks (D)
  A wyvern (D)
  5 hell hounds (D)
  A porcupine (D)
  3 floating eyes (D)
  2 eyes of draining (D)
  2 wolves (D)
  2 bullfrogs (D)
  A crimson imp (D)
  4 jellies (D)
  2 orc wizards (D)
  An iron imp (D)
  An iguana (D)
  A shadow imp (D)
  2 ufetubi (D)
  3 oozes (D)
  2 adder skeletons (D)
52 creatures vanquished.

Vanquished Creatures (others)
  2 bat skeletons (D)
2 creatures vanquished.

Grand Total: 54 creatures vanquished

Notes
Turn   | Place    | Note
-------+----------+-------------------------------------------
     0 | D        | Arum the Formicid Fighter began the quest for the Orb.
     0 | D        | Reached XP level 1. HP: 18/18 MP: 1/1
     0 | D        | Found a blossoming altar of Fedhas.
     1 | D        | Found the +6 Majin-Bo {vamp, Archmagi MP+6 Int+6}
     1 | D        | Found the +7 great mace "Firestarter" {inner flame, rF++}
    20 | D        | Found a viscous altar of Jiyva.
    20 | D        | Found a hazy altar of Hepliaklqana.
    20 | D        | Found a transporter.
    20 | D        | Found an opulent altar of Gozag.
    20 | D        | Found an ancient bone altar of Kikubaaqudgha.
    20 | D        | Found a corrupted altar of Lugonu.
    23 | D        | Found a burning altar of Makhleb.
    24 | D        | Found an iron altar of Okawaru.
    24 | D        | Found a stormy altar of Qazlal.
    24 | D        | Found a sparkling altar of Nemelex Xobeh.
    24 | D        | Found a sacrificial altar of Ru.
    24 | D        | Found a shimmering blue altar of Sif Muna.
    28 | D        | Found the +9 heavy crossbow "Sniper" {velocity, Acc+∞ SInv}
    28 | D        | Found the +10 dark maul {crush}
    28 | D        | Found the +15 Maxwell's patent armour {-Cast -Tele rElec
                  | MR+ rCorr}
    28 | D        | Found the +18 shield of the Gong {rElec rN+ MR+ EV-5}
    28 | D        | Found the cursed +14 obsidian axe {chop, +Fly SInv *Curse}
    42 | D        | Found the +6 shillelagh "Devastator" {shatter}
    42 | D        | Found the +11 plutonium sword {*Contam Stlth-}
    42 | D        | Found the +8 lance "Wyrmbane" {slay drac, rPois rF+ rC+
                  | AC+3}
    42 | D        | Found the +9 sword of Zonguldrok {reap}
    42 | D        | Found the cursed +13 scythe of Curses {drain, *Curse}
    42 | D        | Found the +0 sword of Power
    42 | D        | Found the +7 mace of Variability {chain chaos}
    42 | D        | Found the +7 Singing Sword {slice, sonic wave}
    42 | D        | Found the +8 storm bow {elec, penet}
    55 | D        | Found a bloodstained altar of Trog.
    74 | D        | Reached skill level 5 in Fighting
    74 | D        | Reached skill level 5 in Armour
    74 | D        | Reached skill level 6 in Shields
    74 | D        | Reached XP level 2. HP: 28/28 MP: 2/2
    84 | D        | Became a worshipper of the Shining One
    97 | D        | Entered arena 2.
    97 | D        | Found a transporter.
    98 | D        | Identified the cursed +3 trident of Amorality {venom,
                  | Fragile rPois rN+}
   100 | D        | Reached XP level 3. HP: 33/34 MP: 3/3
   103 | D        | Reached skill level 7 in Shields
   103 | D        | Reached XP level 4. HP: 35/41 MP: 4/4
   279 | D        | Entered arena 3.
   279 | D        | Noticed a yak
   279 | D        | Reached * piety under the Shining One
   279 | D        | Noticed a yak
   279 | D        | Found a transporter.
   283 | D        | Killed a yak
   283 | D        | Reached skill level 9 in Shields
   283 | D        | Reached XP level 5. HP: 49/49 MP: 5/5
   283 | D        | Reached XP level 6. HP: 56/56 MP: 6/6
   285 | D        | Killed a yak
   285 | D        | Reached skill level 5 in Long Blades
   287 | D        | Reached skill level 10 in Shields
   287 | D        | Reached XP level 7. HP: 64/64 MP: 7/7
   347 | D        | Entered arena 4.
   347 | D        | Noticed a merfolk
   347 | D        | Noticed a merfolk
   347 | D        | Noticed a merfolk
   347 | D        | Reached ** piety under the Shining One
   347 | D        | Noticed a merfolk
   347 | D        | Found a transporter.
   351 | D        | Killed a merfolk
   356 | D        | Killed a merfolk
   356 | D        | Reached skill level 10 in Fighting
   356 | D        | Reached skill level 10 in Armour
   356 | D        | Reached skill level 11 in Shields
   356 | D        | Reached XP level 8. HP: 65/72 MP: 8/8
   358 | D        | Killed a merfolk
   358 | D        | Killed a merfolk
   358 | D        | Reached skill level 12 in Shields
   368 | D        | Got the ring of Tibrejoaf {rN+ Dex+3 Stlth+}
   568 | D        | Entered arena 5.
   568 | D        | Noticed a slime creature
   568 | D        | Noticed a slime creature
   568 | D        | Found a transporter.
   576 | D        | Killed a slime creature
   576 | D        | Reached XP level 9. HP: 79/79 MP: 8/10
   578 | D        | Killed a slime creature
   601 | D        | Entered arena 6.
   601 | D        | Reached *** piety under the Shining One
   601 | D        | Reached **** piety under the Shining One
   601 | D        | Found a transporter.
   604 | D        | Reached ***** piety under the Shining One
   621 | D        | Entered arena 7.
   621 | D        | Noticed an eye of devastation
   621 | D        | Noticed a shining eye
   622 | D        | Found a transporter.
   622 | D        | Gained mutation: You do not regenerate when monsters are
                  | visible. [a shining eye]
   627 | D        | Reached skill level 13 in Shields
   627 | D        | Gained mutation: You are frail. (-10% HP) [a shining eye]
   629 | D        | Killed a shining eye
   629 | D        | Reached skill level 5 in Invocations
   634 | D        | Killed an eye of devastation
   634 | D        | Reached skill level 10 in Long Blades
   634 | D        | Reached XP level 10. HP: 70/80 MP: 0/14
   735 | D        | Entered arena 8.
   736 | D        | Found a transporter.
   765 | D        | Entered arena 9.
   765 | D        | Reached ****** piety under the Shining One
   766 | D        | Found the +10 large shield of Ignorance {rN+ Int-4}
   766 | D        | Found a transporter.
   772 | D        | Reached skill level 14 in Shields
   863 | D        | Entered arena 10.
   863 | D        | Noticed a deep elf archer
   863 | D        | Noticed a deep elf mage
   863 | D        | Noticed a +2 battleaxe of electrocution
   863 | D        | Noticed a deep elf mage
   863 | D        | Noticed a deep elf mage
   863 | D        | Noticed a deep elf mage
   864 | D        | Identified the +2 morningstar "Usaasau" {holy, Dex+6}
   864 | D        | Found a transporter.
   868 | D        | Killed a deep elf mage
   868 | D        | Killed a +2 battleaxe of electrocution
   868 | D        | Killed a deep elf mage
   868 | D        | Reached XP level 11. HP: 88/88 MP: 15/17
   868 | D        | Killed a deep elf mage
   869 | D        | Killed a deep elf mage
   869 | D        | Reached skill level 15 in Shields
   873 | D        | Killed a deep elf archer
   873 | D        | Reached skill level 10 in Invocations
   889 | D        | Identified a +7 eudemon blade of holy wrath (a +5 demon
                  | blade blessed by the Shining One)
   889 | D        | Received a gift from the Shining One
   949 | D        | Entered arena 11.
   949 | D        | Identified the +7 short sword of Inconvenience {venom,
                  | Str+2}
   969 | D        | Found a transporter.
   980 | D        | Got the Incunabulum of Evil Beguiling
   991 | D        | Entered arena 12.
   991 | D        | Noticed a green draconian
   991 | D        | Noticed a white draconian
   991 | D        | Noticed a yellow draconian
   991 | D        | Noticed a purple draconian
   991 | D        | Noticed a red draconian
   991 | D        | Noticed a green draconian annihilator
   991 | D        | Noticed a white draconian
   992 | D        | Noticed a purple draconian knight
   992 | D        | Noticed a purple draconian
   992 | D        | Noticed a yellow draconian
  1002 | D        | Killed from afar by a purple draconian knight

Levels and vault maps discovered:
D:        sprint_v [room_start, room_1, room_2, room_3, room_4, room_5, room_6,
          room_7, room_8, room_9, room_10, room_11, room_12, room_13, room_14,
          room_15, room_16, room_17, room_18, room_19, room_20, room_21,
          room_22, room_23, room_24, room_25, room_26, room_27]

Skill      XL: |  1  2  3  4  5  6  7  8  9 10 11 |
---------------+----------------------------------+-----
Fighting       | 5 6 7 9 10 11 13 | 13.7
Armour         | 5 6 8 9 10 11 12 13 14 | 14.1
Shields        | 6 7 9 10 11 12 13 14 15 | 15.0
Long Blades    | 4 5 7 8 10 11 | 11.9
Invocations    | 2 6 9 10 | 10.1

Action                   |  1- 3 |  4- 6 |  7- 9 | 10-12 || total
-------------------------+-------+-------+-------+-------++-------
Melee: Double sword      |     4 |     5 |    33 |    20 ||    62
       Eudemon blade     |       |       |       |    14 ||    14
Invok: Divine Shield     |       |       |       |     1 ||     1
       Brand Weapon With |       |       |       |     1 ||     1
  Use: Potion            |     1 |       |       |     3 ||     4
Armor: Plate armour      |     4 |     3 |     9 |    10 ||    26
Block: Shield            |     3 |     4 |    41 |    46 ||    94
